 Dungeon Crawl Stone Soup version 0.23.1-37-gaa34b87b72 (webtiles) character file.

Game seed: 9661757978194971732

25363 PentaManta the Spry (level 13, -11/91 HPs)
             Began as a Kobold Monk on Mar 24, 2019.
             Was the Champion of Okawaru.
             Killed from afar by Jorgrun (37 damage)
             ... with an iron shot
             ... on level 13 of the Dungeon.
             The game lasted 00:48:45 (18206 turns).

PentaManta the Spry (Kobold Monk)                  Turns: 18206, Time: 00:48:46

Health: -11/91     AC: 12    Str:  9    XL:     13   Next: 49%
Magic:  13/13      EV: 29    Int:  9    God:    Okawaru [******]
Gold:   1075       SH:  0    Dex: 29    Spells: 12/12 levels left

rFire    . . .     SeeInvis +   n - +3 short sword (venom)
rCold    . . .     Gourm    .   (shield restricted)
rNeg     + + .     Faith    .   N - +0 troll leather armour
rPois    +         Spirit   .   K - +2 helmet {SInv}
rElec    .         Reflect  .   I - +1 cloak
rCorr    +         Harm     .   M - +0 pair of gloves "Gotebyem" {+Blink MR+ rCorr}
MR       +....                  v - +1 pair of boots "Qenkuj" {rN++ MR- Dex+7}
Stlth    +++.......             J - amulet of rage
HPRegen  0.65/turn              i - ring of protection from magic
MPRegen  0.13/turn              p - ring of poison resistance

@: grasped by roots, constricted
A: small, carnivore, dopey 1
a: Heroism, Finesse, Renounce Religion, Evoke Blink, Evoke Berserk Rage


You were on level 13 of the Dungeon.
You worshipped Okawaru.
Okawaru was exalted by your worship.
You were hungry.

You visited 2 branches of the dungeon, and saw 16 of its levels.
You also visited: Bailey and Ice Cave.

You collected 1075 gold pieces.

Inventory:

Hand Weapons
 n - a +3 short sword of venom (weapon)
Armour
 v - the +1 pair of boots "Qenkuj" (worn) {rN++ MR- Dex+7}
   (Okawaru gifted it to you on level 13 of the Dungeon)

   It affects your dexterity (+7).
   It greatly protects you from negative energy.
   It affects your resistance to hostile enchantments.
 B - the +3 chain mail "Kaqeni Ufuef" {*Contam rElec Slay+3}
   (You found it in a bailey)

   It affects your accuracy and damage with ranged weapons and melee attacks
   (+3).
   It insulates you from electricity.
   It causes magical contamination when unequipped.
 C - a +4 ring mail of cold resistance
 F - a +0 buckler
 I - a +1 cloak (worn)
 K - a +2 helmet of see invisible (worn)
 M - the +0 pair of gloves "Gotebyem" (worn) {+Blink MR+ rCorr}
   (You found it on level 11 of the Dungeon)

   It affects your resistance to hostile enchantments.
   It lets you blink.
   It provides partial protection from all sources of acid and corrosion.
 N - a +0 troll leather armour (worn)
Jewellery
 i - a ring of protection from magic (left hand)
 p - a ring of poison resistance (right hand)
 J - an amulet of rage (around neck)
Wands
 o - a wand of digging (1)
 t - a wand of iceblast (8)
 y - a wand of disintegration (11)
 E - a wand of paralysis (5)
Scrolls
 d - 6 scrolls of remove curse
 e - 5 scrolls of amnesia
 g - 5 scrolls of identify
 j - 2 scrolls of fog
 m - 3 scrolls of blinking
 q - a scroll of fear
 w - 2 scrolls of enchant armour
 A - 2 scrolls of enchant weapon
 G - 4 scrolls of teleportation
 P - a scroll of holy word
 Q - a scroll of magic mapping
Potions
 a - 3 potions of brilliance
 f - a potion of magic {unknown}
 h - 6 potions of curing
 k - a potion of might
 l - 3 potions of degeneration
 r - a potion of invisibility
 s - 2 potions of resistance
 u - a potion of berserk rage {unknown}
 x - 4 potions of agility
 D - 3 potions of mutation
 O - a potion of lignification {unknown}
Miscellaneous
 b - a lamp of fire (inert)
Comestibles
 c - 20 rations


   Skills:
 + Level 14.5 Fighting
 - Level 14.0 Short Blades
 + Level 15.7 Dodging
 - Level 2.6 Stealth


You had 12 spell levels left.
You didn't know any spells.
Your spell library contained the following spells:

 Spells                   Type           Power        Failure   Level  Hunger
 Animate Skeleton         Necr           N/A          50%         1    ##.....
 Apportation              Tloc           #.....       50%         1    ##.....
 Confusing Touch          Hex            #.....       50%         1    ##.....
 Magic Dart               Conj           #...         50%         1    ##.....
 Summon Small Mammal      Summ           #...         50%         1    ##.....
 Searing Ray              Conj           #.....       65%         2    ###....
 Confuse                  Hex            #.......     86%         3    ####...
 Dazzling Spray           Conj/Hex       #.....       86%         3    ####...
 Gell's Gravitas          Tloc           #.........   86%         3    ####...
 Force Lance              Conj/Tloc      #.......     99%         4    #####..
 Fulminant Prism          Conj/Hex       #.........   99%         4    #####..
 Iskenderun's Mystic Bla  Conj           #.......     99%         4    #####..
 Leda's Liquefaction      Hex/Erth       #.........   99%         4    #####..
 Petrify                  Tmut/Erth      #.......     99%         4    #####..
 Bolt of Magma            Conj/Fire/Erth #.........   100%        5    ######.
 Metabolic Englaciation   Hex/Ice        #.........   100%        5    ######.
 Yara's Violent Unravell  Hex/Tmut       #.........   100%        5    ######.
 Iron Shot                Conj/Erth      #.........   100%        6    #######
 Statue Form              Tmut/Erth      #........    100%        6    #######
 Shatter                  Erth           #.........   100%        9    #######


Dungeon Overview and Level Annotations

Branches:
Dungeon (15/15)            Temple (1/1) D:5            Lair (0/6) D:11
    Orc (0/2) D:12         Depths (0/5) D:15
 Vaults: D:13-14

Altars:
Ashenzari
Cheibriados
Dithmenos
Elyvilon
Fedhas
Gozag
Hepliaklqana
Kikubaaqudgha
Makhleb
Nemelex Xobeh
Okawaru
Qazlal
Ru
Sif Muna
Trog
Uskayaw
Vehumet
Wu Jian
Xom
Yredelemnul
Zin
The Shining One
Beogh

Annotations:
D:5 2 transporters, Peloso's ghost, novice MiFi
D:13 Jorgrun


Innate Abilities, Weirdness & Mutations

You are small and have problems with some larger weapons.
You are carnivorous and can eat meat at any time.
You are dopey. (Int -2)


Message History

Jorgrun casts a spell at you.
Roots burst forth from the earth!
The grasping roots grab you! The grasping roots constrict you.
Jorgrun says, "'tis place shall be yer tomb!"
Jorgrun hits you but does no damage. The grasping roots constrict you!
Jorgrun hits you with a +0 quarterstaff of crushing!!
The grasping roots constrict you.
Jorgrun hits you with a +0 quarterstaff of crushing.
The grasping roots constrict you. Jorgrun hits you but does no damage.
The grasping roots constrict you!
Jorgrun hits you with a +0 quarterstaff of crushing!
* * * LOW HITPOINT WARNING * * *
x2 The grasping roots constrict you.
You turn to flesh and can move again.
You hit Jorgrun but do no damage.
Jorgrun looks as sick as possible!
Jorgrun is almost dead.
Jorgrun casts a spell at you. The iron shot hits you!!!
You die...

#.......#........#..#....)#..#
#.......#........#..####).#..#
#.......#........#.....#)##...
#.......#........#............
#.......#....#####.#####..)...
#.......######.....#...#......
#................<.#...#.#'###
###...........g......#...#.#....
#..............@.....#...#.#....
##....<...............'...#.#....
......................#####.#....
......#############'#.......#....
......# ........#.......#.††.
......# ........#.......#†...
......# ........#...[[..'..##
......# ........#.......#†.#.
......#### ........#.......#..#.


You could see Jorgrun.

Vanquished Creatures
  A centaur warrior (D:15)
  An ogre mage (D:10)
  2 two-headed ogres
  2 unseen horrors (D:15)
  8 ugly things
  An orc sorcerer (D:15)
  2 deep elf magi
  A centaur zombie (D:12)
  3 ice statues (IceCv)
  A kobold demonologist (D:11)
  A komodo dragon (D:12)
  A yaktaur (D:10)
  2 ice devils (D:15)
  6 trolls
  A hornet (D:11)
  4 slime creatures (D:12)
  2 hippogriffs
  Sigmund (D:6)
  17 yaks
  2 basilisks (D:11)
  A vampire (D:15)
  3 hungry ghosts
  8 vampire mosquitoes
  Edmund (D:6)
  4 water moccasins
  3 porcupines (D:11)
  9 ice beasts
  5 orc warriors
  A black bear (D:10)
  5 phantoms
  3 sky beasts
  3 necrophages
  6 ogres
  A crocodile (D:11)
  3 centaurs
  4 big kobolds
  6 bullfrogs
  A gnoll sergeant (D:13)
  2 wyvern zombies
  3 scorpions
  A water moccasin skeleton (D:6)
  12 wights
  6 killer bees
  6 howler monkeys
  6 crimson imps
  A quasit (D:6)
  2 bullfrog zombies
  A jelly (D:7)
  Crazy Yiuf (D:3)
  4 orc priests
  5 bullfrog skeletons
  3 hounds
  7 orc wizards
  3 centaur skeletons
  8 worker ants
  5 iguanas
  A hound zombie (D:7)
  A hound skeleton (D:8)
  5 gnolls (D:13)
  7 adders
  2 shadow imps (D:10)
  An ooze (D:4)
  2 adder skeletons (D:7)
  An adder zombie (D:8)
  3 worms (D:2)
  2 dart slugs
  7 leopard geckos
  15 orcs
  A ball python (D:3)
  6 giant cockroaches
  6 goblins
  9 hobgoblins
  14 jackals
  10 kobolds
  2 quokkas
  A ball python skeleton (D:6)
  9 bats
  8 frilled lizards
  A jackal skeleton (D:7)
  3 rats
319 creatures vanquished.

Vanquished Creatures (others)
  3 fungi (D:11)
  2 plants (D:11)
5 creatures vanquished.

Grand Total: 324 creatures vanquished

Notes
Turn   | Place    | Note
-------+----------+-------------------------------------------
     0 | D:1      | PentaManta the Kobold Monk began the quest for the Orb.
     0 | D:1      | Reached XP level 1. HP: 14/14 MP: 1/1
   241 | D:1      | Reached XP level 2. HP: 19/19 MP: 2/2
   512 | D:1      | Reached skill level 4 in Dodging
   786 | D:2      | Reached XP level 3. HP: 17/24 MP: 3/3
  1451 | D:2      | Found a shadowy altar of Dithmenos.
  1470 | D:2      | Reached XP level 4. HP: 17/29 MP: 4/4
  1647 | D:2      | Found a sparkling altar of Nemelex Xobeh.
  1730 | D:2      | Reached skill level 5 in Short Blades
  2323 | D:3      | Found a white marble altar of Elyvilon.
  2365 | D:3      | Found a radiant altar of Vehumet.
  2491 | D:3      | Reached XP level 5. HP: 28/33 MP: 5/5
  2718 | D:3      | Found a glowing golden altar of the Shining One.
  2807 | D:3      | Found a runed translucent door.
  2808 | D:3      | Noticed Crazy Yiuf
  2897 | D:3      | Killed Crazy Yiuf
  2897 | D:3      | Reached skill level 5 in Dodging
  3160 | D:4      | You fall through a shaft for 3 floors!
  3160 | D:7      | Found a shattered altar of Ashenzari.
  3264 | D:6      | Reached XP level 6. HP: 39/39 MP: 6/6
  3310 | D:6      | Noticed an ice beast
  3312 | D:6      | Reached skill level 5 in Fighting
  3337 | D:6      | Killed an ice beast
  3529 | D:6      | Reached XP level 7. HP: 41/44 MP: 7/7
  3537 | D:6      | Found an ornate altar of the Wu Jian Council.
  3595 | D:5      | Entered Level 5 of the Dungeon
  3608 | D:5      | Reached skill level 6 in Dodging
  3647 | D:5      | Found a transporter.
  3655 | D:5      | Found a transporter.
  3655 | D:5      | Noticed Peloso's ghost (novice MiFi)
  3662 | D:5      | Found a staircase to the Ecumenical Temple.
  3684 | Temple   | Entered the Ecumenical Temple
  4278 | D:5      | Reached XP level 8. HP: 51/51 MP: 8/8
  4594 | D:5      | Reached skill level 7 in Dodging
  4841 | D:4      | Found an iron altar of Okawaru.
  4849 | D:4      | Became a worshipper of Warmaster Okawaru
  4849 | D:4      | Reached * piety under Okawaru
  4849 | D:4      | Reached ** piety under Okawaru
  4981 | D:4      | Found an opulent altar of Gozag.
  5421 | D:4      | Found a hide-covered altar of Uskayaw.
  5422 | D:4      | Found a hazy altar of Hepliaklqana.
  6122 | D:6      | Found a snail-covered altar of Cheibriados.
  6153 | D:6      | Noticed Edmund
  6164 | D:6      | Reached skill level 8 in Dodging
  6169 | D:6      | Killed Edmund
  6169 | D:6      | Reached XP level 9. HP: 34/57 MP: 9/9
  6406 | D:6      | Found a stormy altar of Qazlal.
  6530 | D:6      | Noticed Sigmund
  6543 | D:6      | Killed Sigmund
  6543 | D:6      | Reached *** piety under Okawaru
  7086 | D:7      | Reached skill level 9 in Dodging
  7965 | D:8      | Reached skill level 10 in Short Blades
  8252 | D:8      | Reached **** piety under Okawaru
  8252 | D:8      | Reached XP level 10. HP: 51/65 MP: 10/10
  8773 | D:8      | Reached skill level 10 in Dodging
  9859 | D:9      | Reached ***** piety under Okawaru
 10007 | D:9      | Noticed a two-headed ogre
 10026 | D:9      | Killed a two-headed ogre
 10026 | D:9      | Reached skill level 10 in Fighting
 10243 | D:10     | Entered Level 10 of the Dungeon
 10264 | D:10     | Reached skill level 11 in Dodging
 10320 | D:10     | Found a flagged portal.
 10329 | Bailey   | Entered a bailey
 10550 | Bailey   | Found a bloodstained altar of Trog.
 10559 | Bailey   | Got an ancient chain mail
 10570 | Bailey   | Identified the +3 chain mail "Kaqeni Ufuef" {*Contam rElec
                  | Slay+3} (You found it in a bailey)
 10642 | Bailey   | Gained mutation: You are dopey. (Int -2) [mutagenic glow]
 10647 | D:10     | Identified a scroll of acquirement
 10706 | D:10     | Noticed an ogre mage
 10732 | D:10     | Noticed a deep elf mage
 10733 | D:10     | Killed an ogre mage
 10733 | D:10     | Reached XP level 11. HP: 63/73 MP: 11/11
 10861 | D:10     | Found a sacrificial altar of Ru.
 10953 | D:10     | Killed a deep elf mage
 11615 | D:11     | Reached skill level 12 in Dodging
 11864 | D:10     | Received a gift from Okawaru
 13149 | D:11     | Noticed a green ugly thing
 13165 | D:11     | Killed a green ugly thing
 13183 | D:11     | Reached XP level 12. HP: 63/81 MP: 6/12
 13277 | D:11     | Found a staircase to the Lair.
 13459 | D:11     | Got a pair of dazzling gloves
 13503 | D:11     | Identified the cursed +0 pair of gloves "Gotebyem" {+Blink
                  | MR+ rCorr} (You found it on level 11 of the Dungeon)
 14032 | D:12     | Reached skill level 13 in Dodging
 14388 | D:12     | Noticed a two-headed ogre
 14456 | D:12     | Killed a two-headed ogre
 14692 | D:12     | Reached ****** piety under Okawaru
 14789 | D:12     | You fall through a shaft for 3 floors!
 14789 | D:15     | Entered Level 15 of the Dungeon
 14809 | D:15     | Noticed an unseen horror
 14821 | D:15     | Killed an unseen horror
 14993 | D:15     | Received a gift from Okawaru
 14993 | D:15     | Reached skill level 14 in Dodging
 15154 | D:15     | Noticed an unseen horror
 15173 | D:15     | Killed an unseen horror
 15229 | D:15     | Noticed a centaur warrior
 15260 | D:15     | Killed a centaur warrior
 15273 | D:15     | Noticed a fire giant
 15273 | D:15     | Found a staircase to the Depths.
 15275 | D:15     | HP: 4/84 [fire giant/fireball (43)]
 15306 | D:15     | Found a frozen archway.
 15323 | D:15     | Reached XP level 13. HP: 41/88 MP: 13/13
 15416 | IceCv    | Entered an ice cave
 16645 | IceCv    | Reached skill level 15 in Dodging
 17271 | D:14     | Noticed a centaur warrior
 17648 | D:12     | Found a staircase to the Orcish Mines.
 17706 | D:12     | Found a roughly hewn altar of Beogh.
 18099 | D:13     | Received a gift from Okawaru
 18106 | D:13     | Got a pair of brightly glowing boots {god gift}
 18136 | D:13     | Identified the +1 pair of boots "Qenkuj" {rN++ MR- Dex+7}
                  | (Okawaru gifted it to you on level 13 of the Dungeon)
 18168 | D:13     | Noticed Jorgrun
 18206 | D:13     | Killed from afar by Jorgrun

Skill      XL: |  1  2  3  4  5  6  7  8  9 10 11 12 13 |
---------------+----------------------------------------+-----
Dodging        | 4 5 6 8 9 11 12 14 15 | 15.7
Fighting       | 4 5 6 7 8 10 11 13 14 | 14.5
Short Blades   | 5 6 7 8 10 12 13 14 | 14.0
Stealth        | |  2.6

Action                   |  1- 3 |  4- 6 |  7- 9 | 10-12 | 13-15 || total
-------------------------+-------+-------+-------+-------+-------++-------
Melee: Short sword       |   135 |   118 |   456 |  1090 |   574 ||  2373
       Punch             |       |       |       |     4 |     1 ||     5
Invok: Heroism           |       |       |       |     2 |     1 ||     3
       Finesse           |       |       |       |     2 |     1 ||     3
 Abil: Evoke Berserk Rag |       |       |       |     2 |     2 ||     4
Evoke: Wand              |       |       |       |       |    29 ||    29
       Lamp of fire      |       |       |       |       |     1 ||     1
       Phantom mirror    |       |       |       |       |     1 ||     1
  Use: Potion            |       |     1 |       |     6 |     5 ||    12
       Scroll            |       |       |       |    29 |       ||    29
 Stab: Sleeping          |    12 |     2 |    11 |     2 |     1 ||    28
       Distracted        |       |       |       |       |     1 ||     1
  Eat: Chunk             |     3 |     5 |    15 |    37 |     3 ||    63
       Ration            |       |       |       |     2 |       ||     2
Armor: Robe              |    26 |     3 |    52 |    49 |       ||   130
       Chain mail        |       |       |       |    31 |       ||    31
       Troll leather arm |       |       |       |    21 |    27 ||    48
       Ring mail         |       |       |       |       |    33 ||    33
Dodge: Dodged            |   135 |    68 |   307 |   727 |   387 ||  1624
